 Dungeon Crawl Stone Soup version 0.30.1-11-g7821555f0a (webtiles) character file.

Game seed: 13400790002142411778

1838 Ekaitz the Zephyrmancer (level 9, -11/52 HPs)
             Began as a Tengu Air Elementalist on Dec 21, 2023.
             Was a Believer of Vehumet.
             Mangled by a wyvern (14 damage)
             ... on level 7 of the Dungeon.
             The game lasted 00:13:57 (7244 turns).

Ekaitz the Zephyrmancer (Tengu Air Elementalist)    Turns: 7244, Time: 00:13:57

Health: -11/52     AC:  6    Str:  8    XL:     9   Next: 11%
Magic:  9/16       EV: 17    Int: 18    God:    Vehumet [**....]
Gold:   273        SH:  0    Dex: 17    Spells: 7/17 levels left

rFire   . . .        u - +2 dagger (speed)
rCold   + . .        (no shield)
rNeg    + . .        B - +2 robe {rC+}
rPois   .            (helmet restricted)
rElec   .            x - +0 cloak
rCorr   +            q - +0 pair of gloves
SInv    .            (boots unavailable)
Will    .....        m - amulet of regeneration
Stlth   ++           k - ring of resist corrosion
HPRegen 1.08/turn    C - ring of positive energy
MPRegen 0.15/turn

%: no passive effects
@: flying quickly and evasively, quick
A: beak, talons 3, nimble flight
a: Renounce Religion


You were on level 7 of the Dungeon.
You worshipped Vehumet.
Vehumet was pleased with you.
You visited 2 branches of the dungeon, and saw 8 of its levels.

You collected 273 gold pieces.

Inventory:

Hand Weapons
 a - a +0 short sword of flaming
 u - a +2 dagger of speed (weapon)
 A - a +5 flail of freezing
Missiles
 s - 2 poisoned darts
 z - 2 datura-tipped darts
Armour
 j - a +0 leather armour of poison resistance
 q - a +0 pair of gloves (worn)
 x - a +0 cloak (worn)
 B - a +2 robe of cold resistance (worn)
Jewellery
 k - a ring of resist corrosion (left hand)
 m - an amulet of regeneration (around neck)
 C - a ring of positive energy (right hand)
Wands
 r - a wand of charming (7)
 w - a wand of iceblast (14)
Scrolls
 d - 2 scrolls of immolation {unknown}
 e - a scroll of fear {unknown}
 f - a scroll of butterflies {unknown}
 h - 2 scrolls of teleportation {unknown}
 l - 8 scrolls of identify {unknown}
 n - a scroll of fog {unknown}
 o - 4 scrolls of enchant armour {unknown}
 y - 3 scrolls of amnesia {unknown}
 F - a scroll of enchant weapon {unknown}
Potions
 b - a potion of magic
 c - a potion of degeneration {unknown}
 g - 2 potions of curing
 i - a potion of berserk rage {unknown}
 p - a potion of lignification {unknown}
 t - a potion of mutation {unknown}
 v - a potion of heal wounds {unknown}
 D - a potion of attraction {unknown}
 E - a potion of haste {unknown}


   Skills:
 * Level 4.5 Fighting
 + Level 1.4 Short Blades
 + Level 2.1 Armour
 * Level 5.2 Dodging
 + Level 2.7 Stealth
 + Level 0.2 Unarmed Combat
 + Level 4.6 Spellcasting
 * Level 6.7 Conjurations
 * Level 8.2 Air Magic


You had 7 spell levels left.
You knew the following spells:

 Your Spells              Type           Power      Damage    Failure   Level
a - Shock                 Conj/Air       100%       1d9       1%          1
b - Static Discharge      Conj/Air       62%        2-5/arc   1%          2
c - Swiftness             Air            33%        N/A       1%          3
d - Airstrike             Air            16%        2d(3-19)  4%          4

Your spell library contained the following spells:

 Spells                   Type           Power      Damage    Failure   Level
 Magic Dart               Conj           100%       1d8       1%          1
 Momentum Strike          Conj/Tloc      32%        3d8       5%          2
 Blink                    Tloc           8%         N/A       22%         2
 Lesser Beckoning         Tloc           8%         N/A       22%         2
 Alistair's Intoxication  Tmut/Pois      2%         N/A       98%         5
 Borgnjor's Vile Clutch   Necr/Erth      2%         N/A       98%         5
 Eringya's Noxious Bog    Tmut/Pois      2%         N/A       100%        6


Dungeon Overview and Level Annotations

Branches:
Dungeon (7/15)             Temple (1/1) D:4

Altars:
Ashenzari
Cheibriados
Elyvilon
Kikubaaqudgha
Makhleb
Nemelex Xobeh
Okawaru
Qazlal
Ru
Uskayaw
Vehumet
Wu Jian
Xom
Yredelemnul
Zin
The Shining One

Annotations:
D:5 Pikel
D:6 Dowan, Duvessa


Innate Abilities, Weirdness & Mutations

You have a beak for a mouth.
You have claws for feet.
Your magical nature lets you fly swiftly and evasively.


Message History

Casting: Shock (safe; 1% risk of failure)
Confirm with . or Enter, or press ? or * to list all spells.
Aiming: Shock (safe; 1% risk of failure)
Press: ? - help, Shift-Dir - straight line, f/p - ogre
Aim: an ogre, wielding a +0 giant spiked club (heavily wounded, 88% to hit)
The zap hits the wyvern.
The wyvern is severely wounded.
The zap hits the jelly.
The jelly is almost dead.
The zap hits the ogre.
The ogre is severely wounded.
The zap hits the iguana.
The iguana is lightly wounded.
The wyvern bites you! x2
* * * LOW HITPOINT WARNING * * *
Unknown command.
Casting: Shock (safe; 1% risk of failure)
Confirm with . or Enter, or press ? or * to list all spells.
Aiming: Shock (safe; 1% risk of failure)
Press: ? - help, Shift-Dir - straight line, f/p - ogre
Aim: an ogre, wielding a +0 giant spiked club (severely wounded, 88% to hit)
The zap misses the wyvern.
The zap hits the jelly.
You kill the jelly!
Vehumet accepts your kill.
The zap hits the ogre!
The ogre is almost dead.
The wyvern bites you but does no damage. x2
Casting: Shock (safe; 1% risk of failure)
Confirm with . or Enter, or press ? or * to list all spells.
Aiming: Shock (safe; 1% risk of failure)
Press: ? - help, Shift-Dir - straight line, f/p - ogre
Aim: an ogre, wielding a +0 giant spiked club (almost dead, 88% to hit)
The zap misses the wyvern.
The zap hits the water moccasin!
The water moccasin is severely wounded.
The zap hits the ogre.
The ogre is almost dead.
The wyvern bites you!
* * * LOW HITPOINT WARNING * * *
The wyvern bites you!
You die...

................#.###
...#...#..#.. #..##
....#.)......##.##
..##....##.....## #.##
.####..........## #...
.###..)#..#.....# #..
..##..........#.# #..
......#....#..#.## #.####
.....)........#.@####....####
.....#......#.##.lS##.......#
...^.......... ###.O.........
............## ####........
..........### #.###.###
..........# #.# O.
........>.. #.# l ...........
#.# #..


You could see a water moccasin, a wyvern and an ogre.

Vanquished Creatures
  2 sky beasts (D:6)
  4 black bears
  An ogre (D:6)
  4 scorpions
  5 wights (D:6)
  4 hounds
  A jelly (D:7)
  2 orc priests
  Crazy Yiuf (D:5)
  Ijyb (D:5)
  A sleepcap (D:5)
  4 iguanas
  4 orc wizards
  11 adders
  2 white imps (D:6)
  2 ufetubi (D:5)
  2 worms
  3 dart slugs
  16 orcs
  7 endoplasms
  5 giant cockroaches
  4 hobgoblins
  6 jackals
  4 quokkas
  5 ball pythons
  5 bats
  4 goblins
  11 kobolds
  3 rats
124 creatures vanquished.

Notes
Turn   | Place    | Note
-------+----------+-------------------------------------------
     0 | D:1      | Ekaitz the Tengu Air Elementalist began the quest for the
                  | Orb.
     0 | D:1      | Reached XP level 1. HP: 10/10 MP: 4/4
     0 | D:1      | Noticed a merfolk zombie
    17 | D:1      | Noticed a minotaur zombie
   354 | D:1      | Reached XP level 2. HP: 16/16 MP: 0/6
   366 | D:1      | Learned a level 2 spell: Static Discharge
   817 | D:2      | Reached XP level 3. HP: 17/20 MP: 0/7
   895 | D:2      | Found a shimmering altar of Xom.
   997 | D:2      | Learned a level 3 spell: Swiftness
  1243 | D:2      | Reached skill level 1 in Fighting
  1646 | D:3      | You fall into a shaft and drop 2 floors!
  1646 | D:5      | Entered Level 5 of the Dungeon
  1685 | D:5      | Reached XP level 4. HP: 25/25 MP: 4/8
  1782 | D:5      | Reached skill level 5 in Air Magic
  1973 | D:5      | Noticed Pikel
  1973 | D:5      | Noticed a lemure
  1973 | D:5      | Noticed a lemure
  1983 | D:5      | Noticed a lemure
  2024 | D:5      | Gained mutation: Your magical nature lets you fly swiftly
                  | and evasively. [Tengu growth]
  2024 | D:5      | Reached XP level 5. HP: 17/30 MP: 2/9
  2078 | D:5      | Noticed a black bear
  2204 | D:4      | Found a staircase to the Ecumenical Temple.
  2215 | D:4      | Reached skill level 1 in Armour
  2215 | D:4      | Reached XP level 6. HP: 27/35 MP: 1/10
  2227 | Temple   | Entered the Ecumenical Temple
  2341 | Temple   | Became a worshipper of Vehumet
  2370 | D:4      | Reached skill level 6 in Air Magic
  2493 | D:4      | Learned a level 4 spell: Airstrike
  2956 | D:4      | Reached * piety under Vehumet
  2956 | D:4      | Offered knowledge of Sandblast by Vehumet.
  3735 | D:3      | Reached XP level 7. HP: 32/40 MP: 7/12
  3753 | D:3      | Reached skill level 1 in Short Blades
  4545 | D:3      | Found an iron altar of Okawaru.
  4750 | D:5      | Noticed Ijyb
  4755 | D:5      | Killed Ijyb
  4830 | D:5      | Found a runed translucent door.
  4831 | D:5      | Noticed Crazy Yiuf
  4840 | D:5      | Killed Crazy Yiuf
  5525 | D:5      | Reached skill level 7 in Air Magic
  5562 | D:6      | Reached XP level 8. HP: 41/46 MP: 10/14
  5570 | D:6      | Reached skill level 5 in Conjurations
  6004 | D:6      | Reached ** piety under Vehumet
  6004 | D:6      | Offered knowledge of Magic Dart by Vehumet.
  6232 | D:6      | Reached skill level 5 in Dodging
  6520 | D:6      | Reached skill level 8 in Air Magic
  6520 | D:6      | Reached XP level 9. HP: 44/52 MP: 3/16
  6833 | D:6      | Noticed Duvessa
  6834 | D:6      | Noticed Dowan
  7244 | D:7      | Mangled by a wyvern

Illustrated notes

Levels and vault maps discovered:
D:1:      shiori_arrival_whats_in_store_for_you, layout_basic
D:2:      layout_basic, basic_altar
D:3:      layout_basic, okawaru_gym_becter
D:4:      layout_layer_cave, minmay_temple_entry_mist, hangedman_decor_points
D:5:      layout_loops_ring, nrook_campfire, uniq_crazy_yiuf_cottage,
          uniq_pikel, uniq_ijyb
D:6:      layout_basic, uniq_duvessa
D:7:      minmay_recursive_quarters, layout_layer_cave,
          mainiacjoe_overflow_paths, minmay_misc_feat_more_columns, st_stairs_5,
          minmay_lizard_king
Temple:   zaba_magenta_temple

Skill      XL: |  1  2  3  4  5  6  7  8 |
---------------+-------------------------+-----
Fighting       | 1 2 3 4 |  4.5
Conjurations   | 2 3 4 6 |  6.7
Air Magic      | 5 6 7 8 |  8.2
Armour         | 1 2 |  2.1
Dodging        | 3 5 |  5.2
Short Blades   | 1 |  1.4
Spellcasting   | 3 4 |  4.6
Stealth        | |  2.7
Unarmed Combat | |  0.2

Action                     |  1- 3 |  4- 6 |  7- 9 || total
---------------------------+-------+-------+-------++-------
  Melee: Unarmed           |     6 |       |       ||     6
         Peck              |     1 |     3 |     3 ||     7
         Kick              |     1 |     6 |     3 ||    10
         Short sword       |     3 |    31 |     6 ||    40
         Punch             |       |     2 |     1 ||     3
         Dagger            |       |       |     6 ||     6
         Flail             |       |       |     1 ||     1
   Cast: Shock             |    53 |    49 |   132 ||   234
         Static Discharge  |     4 |    16 |    20 ||    40
         Airstrike         |       |     1 |    12 ||    13
    Use: Potion            |       |     1 |       ||     1
   Stab: Sleeping          |       |     4 |     5 ||     9
 Armour: Robe              |     2 |       |     9 ||    11
         Leather armour    |     3 |     9 |     6 ||    18
  Dodge: Dodged            |    11 |    23 |    51 ||    85
